TOP OF THE 1ST |
Jasper Cougars batting - Pitching for Seattle Rainiers : RHP Esteban Corona
|
Pitching: RHP Esteban Corona
|
|
Batting: RHB Dave Parker
|
0-0: Ball 1-0: Reached on error, E5 (Groundball, 5L)
|
Batting: LHB Jon Scott
|
0-0: Ball 1-0: Called Strike 1-1: Ball 2-1: Foul Ball, location: 2F 2-2: Strikes out swinging
|
Batting: RHB Earl Wiggins
|
0-0: Foul Ball, location: 2F 0-1: Called Strike 0-2: Ball 1-2: Strikes out swinging
|
Batting: RHB Jesús Hernández
|
0-0: Foul Ball, location: 2F 0-1: Ball 1-1: Foul Ball, location: 2F 1-2: Foul Ball, location: 2F 1-2: Strikes out swinging
|
Top of the 1st over - 0 run(s), 0 hit(s), 1 error(s), 1 left on base; Jasper 0 - Seattle 0 |
BOTTOM OF THE 1ST |
Seattle Rainiers batting - Pitching for Jasper Cougars : LHP Millard Curtis
|
Pitching: LHP Millard Curtis
|
|
Batting: RHB Aaron Holt
|
0-0: Swinging Strike 0-1: Ball 1-1: Foul Ball, location: 2F 1-2: Strikes out swinging
|
Batting: RHB Pedro Rodríguez
|
0-0: Called Strike 0-1: Ball 1-1: Ball 2-1: Ball 3-1: Base on Balls
|
Batting: SHB Glenn Vadnais
|
0-0: Ball 1-0: Ball 2-0: Ball 3-0: Called Strike 3-1: Fly out, F2 (Popup, 23F)
|
Batting: RHB Chris Parker
|
Pickoff Throw to First - Out!
|
Bottom of the 1st over - 0 run(s), 0 hit(s), 0 error(s), 0 left on base; Jasper 0 - Seattle 0 |
TOP OF THE 2ND |
Jasper Cougars batting - Pitching for Seattle Rainiers : RHP Esteban Corona
|
Batting: SHB Ron Edwards
|
0-0: Ball 1-0: Swinging Strike 1-1: Called Strike 1-2: Strikes out looking
|
Batting: RHB Dan Hooper
|
0-0: Called Strike 0-1: Called Strike 0-2: Foul Ball, location: 2F 0-2: Foul Ball, location: 2F 0-2: Fly out, F9 (Flyball, 89M)
|
Batting: LHB Pepe Vázquez
|
0-0: Ground out U3 (Groundball, 3S)
|
Top of the 2nd over - 0 run(s), 0 hit(s), 0 error(s), 0 left on base; Jasper 0 - Seattle 0 |
BOTTOM OF THE 2ND |
Seattle Rainiers batting - Pitching for Jasper Cougars : LHP Millard Curtis
|
Batting: RHB Chris Parker
|
0-0: Ball 1-0: Ball 2-0: Ball 3-0: Called Strike 3-1: Base on Balls
|
Batting: RHB Alejandro Ramos
|
0-0: Ball 1-0: Fly out, F1 (Line Drive, 13S)
|
Batting: SHB Francisco Lópes
|
0-0: Grounds into double play, 6-4-3 (Groundball, 6M)
|
Bottom of the 2nd over - 0 run(s), 0 hit(s), 0 error(s), 0 left on base; Jasper 0 - Seattle 0 |
TOP OF THE 3RD |
Jasper Cougars batting - Pitching for Seattle Rainiers : RHP Esteban Corona
|
Batting: RHB Juan Carlos
|
0-0: Called Strike 0-1: Ball 1-1: Ball 2-1: Foul Ball, location: 2F 2-2: Foul Ball, location: 2F 2-2: Strikes out swinging
|
Batting: RHB Greg King
|
0-0: Ball 1-0: Swinging Strike 1-1: Called Strike 1-2: Strikes out looking
|
Batting: RHB Dave Parker
|
0-0: Swinging Strike 0-1: Ground out U3 (Groundball, 3)
|
Top of the 3rd over - 0 run(s), 0 hit(s), 0 error(s), 0 left on base; Jasper 0 - Seattle 0 |
BOTTOM OF THE 3RD |
Seattle Rainiers batting - Pitching for Jasper Cougars : LHP Millard Curtis
|
Batting: RHB Jeremy Carr
|
0-0: Ball 1-0: Foul Ball, location: 2F 1-1: Ball 2-1: Ball 3-1: Called Strike 3-2: Base on Balls
|
Batting: LHB Juan Viera
|
0-0: Ball 1-0: Called Strike 1-1: Ball 2-1: Ball 3-1: Fielders Choice at 2nd, 4-6 (Groundball, 4)
|
Batting: RHB Elpidio Martinho
|
0-0: Ball 1-0: Swinging Strike 1-1: Called Strike 1-2: Ball 2-2: Strikes out swinging
|
Batting: RHB Aaron Holt
|
0-0: Ball 1-0: Called Strike 1-1: Ball 2-1: SINGLE (Line Drive, 6M) Juan Viera to second Runner from 2nd tries for 3rd, SAFE, no throw or cutoff
|
Batting: RHB Pedro Rodríguez
|
0-0: Ball 1-0: SINGLE (Groundball, 4D) Juan Viera scores Aaron Holt to second Runner from 2nd tries for 3rd, SAFE, no throw or cutoff
|
Batting: SHB Glenn Vadnais
|
0-0: Called Strike 0-1: Ball 1-1: Ball 2-1: Ball 3-1: Base on Balls Pedro Rodríguez to second
|
Batting: RHB Chris Parker
|
0-0: Ball 1-0: Ground out U3 (Groundball, 3)
|
Bottom of the 3rd over - 1 run(s), 2 hit(s), 0 error(s), 3 left on base; Jasper 0 - Seattle 1 |
TOP OF THE 4TH |
Jasper Cougars batting - Pitching for Seattle Rainiers : RHP Esteban Corona
|
Batting: LHB Jon Scott
|
0-0: Called Strike 0-1: Foul Ball, location: 2F 0-2: Foul Ball, location: 2F 0-2: Foul Ball, location: 2F 0-2: Ball 1-2: Foul Ball, location: 2F 1-2: Strikes out looking
|
Batting: RHB Earl Wiggins
|
0-0: Ball 1-0: Foul Ball, location: 2F 1-1: Ground out 5-3 (Groundball, 5S)
|
Batting: RHB Jesús Hernández
|
0-0: Swinging Strike 0-1: Ball 1-1: Ball 2-1: Ball 3-1: Base on Balls
|
Batting: SHB Ron Edwards
|
0-0: Foul Ball, location: 2F 0-1: Called Strike 0-2: Ball 1-2: Ball 2-2: Ball 3-2: Base on Balls Jesús Hernández to second
|
Batting: RHB Dan Hooper
|
0-0: Ball 1-0: Foul Ball, location: 2F 1-1: Ball 2-1: Ball 3-1: Called Strike 3-2: Strikes out looking
|
Top of the 4th over - 0 run(s), 0 hit(s), 0 error(s), 2 left on base; Jasper 0 - Seattle 1 |
BOTTOM OF THE 4TH |
Seattle Rainiers batting - Pitching for Jasper Cougars : LHP Millard Curtis
|
Batting: RHB Alejandro Ramos
|
0-0: Ball 1-0: Swinging Strike 1-1: Ground out 3-1 (Groundball, 34S)
|
Batting: SHB Francisco Lópes
|
0-0: Foul Ball, location: 2F 0-1: Called Strike 0-2: Ball 1-2: Ball 2-2: Strikes out swinging
|
Batting: RHB Jeremy Carr
|
0-0: Called Strike 0-1: Ball 1-1: Ball 2-1: Foul Ball, location: 2F 2-2: Foul Ball, location: 2F 2-2: Ball 3-2: Ground out 5-3 (Groundball, 56)
|
Bottom of the 4th over - 0 run(s), 0 hit(s), 0 error(s), 0 left on base; Jasper 0 - Seattle 1 |
TOP OF THE 5TH |
Jasper Cougars batting - Pitching for Seattle Rainiers : RHP Esteban Corona
|
Batting: LHB Pepe Vázquez
|
0-0: Foul Ball, location: 2F 0-1: Ball 1-1: Swinging Strike 1-2: Foul Ball, location: 2F 1-2: Foul Ball, location: 2F 1-2: Strikes out swinging
|
Batting: RHB Juan Carlos
|
0-0: Ball 1-0: Ball 2-0: Foul Ball, location: 2F 2-1: Fly out, F9 (Flyball, 9M)
|
Batting: RHB Greg King
|
0-0: Called Strike 0-1: Swinging Strike 0-2: Ball 1-2: Foul Ball, location: 2F 1-2: Ball 2-2: Strikes out looking
|
Top of the 5th over - 0 run(s), 0 hit(s), 0 error(s), 0 left on base; Jasper 0 - Seattle 1 |
BOTTOM OF THE 5TH |
Seattle Rainiers batting - Pitching for Jasper Cougars : LHP Millard Curtis
|
Batting: LHB Juan Viera
|
0-0: Called Strike 0-1: Fly out, F8 (Flyball, 89M)
|
Batting: RHB Elpidio Martinho
|
0-0: Ball 1-0: Ball 2-0: Ball 3-0: Base on Balls
|
Batting: RHB Aaron Holt
|
0-0: Called Strike 0-1: Ground out 3-1 (Groundball, 34) Elpidio Martinho to second
|
Batting: RHB Pedro Rodríguez
|
0-0: Called Strike 0-1: Swinging Strike 0-2: Strikes out swinging
|
Bottom of the 5th over - 0 run(s), 0 hit(s), 0 error(s), 1 left on base; Jasper 0 - Seattle 1 |
TOP OF THE 6TH |
Jasper Cougars batting - Pitching for Seattle Rainiers : RHP Esteban Corona
|
Batting: RHB Dave Parker
|
0-0: Ball 1-0: Ground out U3 (Groundball, 3)
|
Batting: LHB Jon Scott
|
0-0: SINGLE (Groundball, 6M)
|
Batting: RHB Earl Wiggins
|
0-0: Ball Jon Scott steals 2nd base 1-0: Ball 2-0: Ball 3-0: Called Strike 3-1: Fly out, F7 (Flyball, 7M)
|
Pitching: LHP Jeff Stevenson
|
|
Batting: RHB Jesús Hernández
|
0-0: Ball 1-0: Ball 2-0: Ball 3-0: Base on Balls
|
Batting: SHB Ron Edwards
|
0-0: Called Strike 0-1: Ball 1-1: Ball 2-1: Foul Ball, location: 2F 2-2: DOUBLE (Flyball, 7D) Jon Scott scores Jesús Hernández to third Runner from 3rd tries for Home, SAFE, no throw or cutoff
|
Batting: RHB Dan Hooper
|
0-0: Intentional Walk
|
Batting: LHB Pepe Vázquez
|
0-0: Swinging Strike 0-1: Ball 1-1: Reached on Error, E7 (Flyball, 7D) Ron Edwards scores Dan Hooper to third
|
Batting: RHB Juan Carlos
|
0-0: Foul Ball, location: 2F 0-1: Swinging Strike 0-2: Fly out, F4 (Popup, 4MD)
|
Top of the 6th over - 3 run(s), 2 hit(s), 1 error(s), 2 left on base; Jasper 3 - Seattle 1 |
BOTTOM OF THE 6TH |
Seattle Rainiers batting - Pitching for Jasper Cougars : LHP Millard Curtis
|
Batting: SHB Glenn Vadnais
|
0-0: Called Strike 0-1: Foul Ball, location: 2F 0-2: Strikes out looking
|
Batting: RHB Chris Parker
|
0-0: Ball 1-0: SINGLE (Line Drive, 56)
|
Batting: RHB Alejandro Ramos
|
0-0: Ball 1-0: Ground out 5-3 (Groundball, 56S) Chris Parker to second
|
Batting: SHB Francisco Lópes
|
0-0: Ground out 6-3 (Groundball, 6M)
|
Bottom of the 6th over - 0 run(s), 1 hit(s), 0 error(s), 1 left on base; Jasper 3 - Seattle 1 |
TOP OF THE 7TH |
Jasper Cougars batting - Pitching for Seattle Rainiers : LHP Jeff Stevenson
|
Batting: RHB Greg King
|
0-0: Ball 1-0: Called Strike 1-1: Foul Ball, location: 2F 1-2: Foul Ball, location: 2F 1-2: Strikes out swinging
|
Batting: RHB Dave Parker
|
0-0: Ball 1-0: Foul Ball, location: 2F 1-1: Called Strike 1-2: Ball 2-2: Ball 3-2: Ground out 6-3 (Groundball, 6)
|
Batting: LHB Jon Scott
|
0-0: Ball 1-0: Foul Ball, location: 2F 1-1: Called Strike 1-2: Ground out 6-3 (Groundball, 6)
|
Top of the 7th over - 0 run(s), 0 hit(s), 0 error(s), 0 left on base; Jasper 3 - Seattle 1 |
BOTTOM OF THE 7TH |
Seattle Rainiers batting - Pitching for Jasper Cougars : LHP Millard Curtis
|
Pitching: LHP Javier Galeas
|
|
Batting: RHB Jeremy Carr
|
0-0: Ball 1-0: SINGLE (Line Drive, 56D)
|
Batting: LHB Juan Viera
|
0-0: Bunt missed! 0-1: Ball 1-1: Bunted foul 1-2: Foul Ball, location: 2F 1-2: Ball 2-2: Fielders Choice at 2nd, 3-6 (Groundball, 3)
|
Batting: RHB Elpidio Martinho
|
0-0: Called Strike 0-1: Foul Ball, location: 2F 0-2: Foul Ball, location: 2F 0-2: Foul Ball, location: 2F 0-2: Foul Ball, location: 2F 0-2: Fly out, F2 (Popup, 2RF)
|
Batting: RHB Aaron Holt
|
0-0: Ball Juan Viera steals 2nd base 1-0: Ball 2-0: Ball 3-0: Called Strike 3-1: Base on Balls
|
Batting: RHB Pedro Rodríguez
|
0-0: Ball 1-0: SINGLE (Line Drive, 7S) Juan Viera to third Aaron Holt to second Runner from 3rd tries for Home, SAFE, no throw or cutoff
|
Pinch Hitting: LHB Tom Baker
|
0-0: Ball 1-0: Ball 2-0: Foul Ball, location: 2F 2-1: SINGLE (Line Drive, 6D) Aaron Holt to third Pedro Rodríguez to second Runner from 3rd tries for Home, SAFE, no throw or cutoff
|
Batting: RHB Chris Parker
|
0-0: Ball 1-0: Foul Ball, location: 2F 1-1: Foul Ball, location: 2F 1-2: Ball 2-2: 3-RUN HOME RUN (Flyball, 7D), Distance : 390 ft
|
Pitching: RHP Steve Snyder
|
|
Batting: RHB Alejandro Ramos
|
0-0: Foul Ball, location: 2F 0-1: SINGLE (Line Drive, 7S)
|
Batting: SHB Francisco Lópes
|
0-0: Swinging Strike 0-1: Ball 1-1: Foul Ball, location: 2F 1-2: Foul Ball, location: 2F 1-2: Foul Ball, location: 2F 1-2: Fly out, F9 (Line Drive, 9M)
|
Bottom of the 7th over - 5 run(s), 5 hit(s), 0 error(s), 1 left on base; Jasper 3 - Seattle 6 |
TOP OF THE 8TH |
Jasper Cougars batting - Pitching for Seattle Rainiers : LHP Jeff Stevenson
|
Now in RF: Tom Baker
|
|
Batting: RHB Earl Wiggins
|
0-0: Called Strike 0-1: Ball 1-1: Ball 2-1: Ball 3-1: Base on Balls
|
Pitching: RHP Júlio Quintana
|
|
Batting: RHB Jesús Hernández
|
0-0: Called Strike 0-1: Ball 1-1: Ball 2-1: Foul Ball, location: 2F 2-2: Ball 3-2: Foul Ball, location: 2F 3-2: Base on Balls Earl Wiggins to second
|
Batting: SHB Ron Edwards
|
0-0: Foul Ball, location: 2F 0-1: Ball 1-1: Called Strike 1-2: Foul Ball, location: 2F 1-2: Ball 2-2: Foul Ball, location: 2F 2-2: Foul Ball, location: 2F 2-2: Foul Ball, location: 2F 2-2: Foul Ball, location: 2F 2-2: Ball 3-2: Foul Ball, location: 2F 3-2: Foul Ball, location: 2F 3-2: Base on Balls Earl Wiggins to third Jesús Hernández to second
|
Pinch Hitting: RHB Domingo Matos
|
0-0: Called Strike 0-1: Ball 1-1: Called Strike 1-2: Foul Ball, location: 2F 1-2: Strikes out swinging
|
Pinch Hitting: LHB Enrique Valentín
|
0-0: Fly out, F8 (Flyball, 8RM)
|
Batting: RHB Juan Carlos
|
0-0: Ball 1-0: Swinging Strike 1-1: Foul Ball, location: 2F 1-2: Foul Ball, location: 2F 1-2: Strikes out looking
|
Top of the 8th over - 0 run(s), 0 hit(s), 0 error(s), 3 left on base; Jasper 3 - Seattle 6 |
BOTTOM OF THE 8TH |
Seattle Rainiers batting - Pitching for Jasper Cougars : RHP Steve Snyder
|
Now in CF: Enrique Valentín
|
|
Now in RF: Juan Vázquez
|
|
Batting: RHB Jeremy Carr
|
0-0: Foul Ball, location: 2F 0-1: Ground out 6-3 (Groundball, 6)
|
Batting: LHB Juan Viera
|
0-0: Called Strike 0-1: Ball 1-1: Ball 2-1: Foul Ball, location: 2F 2-2: Strikes out swinging
|
Batting: RHB Elpidio Martinho
|
0-0: Ball 1-0: SINGLE (Groundball, 34D)
|
Batting: RHB Aaron Holt
|
0-0: Ball 1-0: Ball 2-0: Foul Ball, location: 2F 2-1: Swinging Strike 2-2: Ball 3-2: Strikes out swinging
|
Bottom of the 8th over - 0 run(s), 1 hit(s), 0 error(s), 1 left on base; Jasper 3 - Seattle 6 |
TOP OF THE 9TH |
Jasper Cougars batting - Pitching for Seattle Rainiers : RHP Júlio Quintana
|
Pitching: RHP César Rodríguez
|
|
Batting: RHB Greg King
|
0-0: Ball 1-0: Called Strike 1-1: Swinging Strike 1-2: Strikes out swinging
|
Batting: RHB Dave Parker
|
0-0: SOLO HOME RUN (Flyball, 7D), Distance : 393 ft
|
Batting: LHB Jon Scott
|
0-0: Ball 1-0: Swinging Strike 1-1: Called Strike 1-2: Ball 2-2: Foul Ball, location: 2F 2-2: Foul Ball, location: 2F 2-2: Strikes out swinging
|
Batting: RHB Earl Wiggins
|
0-0: Fly out, F8 (Flyball, 8LM)
|
Top of the 9th over - 1 run(s), 1 hit(s), 0 error(s), 0 left on base; Jasper 4 - Seattle 6 |
|